 Dungeon Crawl Stone Soup version 0.26-a0-597-gb535b0901c (webtiles) character file.

Game seed: 63138785438273316

4725 HoaS the Cruncher (level 10, 0/70 HPs)
             Began as a Formicid Fighter on Sept 3, 2020.
             Was a Priest of Makhleb.
             Slain by a hippogriff (2 damage)
             ... on level 8 of the Dungeon on Sept 4, 2020.
             The game lasted 00:18:32 (8282 turns).

HoaS the Cruncher (Formicid Fighter)                Turns: 8282, Time: 00:18:32

Health: 0/70       AC: 11    Str: 24    XL:     10   Next: 73%
Magic:  10/10      EV: 10    Int:  8    God:    Makhleb [***...]
Gold:   1086       SH: 12    Dex: 10    Spells: 9/9 levels left

rFire    + . .     SeeInvis +   a - +2 quarterstaff
rCold    + . .     Faith    .   c - +1 kite shield
rNeg     . . .     Spirit   .   v - +0 plate armour (curse)
rPois    .         Reflect  .   (helmet unavailable)
rElec    .         Harm     .   l - scarf {rC+ rF+}
rCorr    +                      (no gloves)
MR       +....                  (no boots)
Stlth    ..........             g - amulet of the acrobat
HPRegen  0.21/turn              t - ring of resist corrosion
MPRegen  0.12/turn              s - +4 ring of evasion

@: lethally poisoned (0 -> -1), drained
A: permanent stasis, dig shafts and tunnels, four strong arms, antennae 3
a: Dig, Shaft Self, Minor Destruction, Lesser Servant of Makhleb, Renounce
Religion


You were on level 8 of the Dungeon.
You worshipped Makhleb.
Makhleb was most pleased with you.
You visited 2 branches of the dungeon, and saw 10 of its levels.
You also visited: Sewer.

You collected 1086 gold pieces.

Inventory:

Hand Weapons
 a - a +2 quarterstaff (weapon)
Missiles
 o - 55 bolts
Armour
 c - a +1 kite shield (worn)
 l - a scarf of resistance (worn)
 v - a cursed +0 plate armour (worn)
Jewellery
 g - an amulet of the acrobat (around neck)
 s - a +4 ring of evasion (right hand)
 t - a ring of resist corrosion (left hand)
Wands
 k - a wand of iceblast (5)
 u - a wand of enslavement (10)
Scrolls
 b - a scroll of magic mapping
 e - a scroll of remove curse
 f - 2 scrolls of identify
 h - 2 scrolls of enchant armour
 r - a scroll of enchant weapon
Potions
 d - a potion of might
 i - 2 potions of stabbing
 j - 3 potions of mutation
 m - 2 potions of invisibility
 n - 4 potions of flight
 p - a potion of curing
 q - 2 potions of cancellation
 x - a potion of resistance


   Skills:
 - Level 3.2(2.7) Fighting
 * Level 13.1(12.3) Staves
 - Level 3.2(2.7) Armour
 - Level 9.0(8.3) Shields


You had 9 spell levels left.
You didn't know any spells.
Your spell library contained the following spells:

 Spells                   Type           Power        Failure   Level
 Animate Skeleton         Necr           #.....       100%        1
 Apportation              Tloc           #.....       100%        1
 Corona                   Hex            #......      100%        1
 Summon Small Mammal      Summ           #...         100%        1


Dungeon Overview and Level Annotations

Branches:
Dungeon (9/15)             Temple (1/1) D:4           Sewer (visited)
   Lair: D:8-11         Orc: D:9-12

Altars:
Ashenzari
Cheibriados
Elyvilon
Fedhas
Hepliaklqana
Kikubaaqudgha
Makhleb
Nemelex Xobeh
Okawaru
Qazlal
Ru
Sif Muna
Trog
Uskayaw
Vehumet
Wu Jian
Xom
Yredelemnul
Zin

Shops:
D:9 =

Annotations:
D:7 1 runed translucent door, viperstalker's ghost, novice PaFi
D:8 5 transporters


Innate Abilities, Weirdness & Mutations

You cannot be hasted, slowed, berserked, paralysed or teleported.
You can dig through walls and to a lower floor.
Your four strong arms can wield two-handed weapons with a shield.
You have a pair of large antennae on your head. (SInv)


Message History

* * * LOW HITPOINT WARNING * * *
The hippogriff barely misses you.
The hippogriff claws you but does no damage.
You barely miss the hippogriff.
The hippogriff is severely wounded.
You block the orc's attack.
You barely miss the hippogriff.
The hippogriff is severely wounded.
You feel sick. The kobold closely misses you.
You block the hippogriff's attack.
The hippogriff pecks you but does no damage.
The hippogriff claws you.
* * * LOW HITPOINT WARNING * * *
The orc closely misses you.
You hit the hippogriff but do no damage.
The hippogriff is severely wounded.
The hippogriff bites you.
* * * LOW HITPOINT WARNING * * *
The hippogriff barely misses you. The hippogriff claws you.
You die...

#....####................
##....#................... #
##....##...................
##
##.....####.................
.#####.....##
#.................
...#......##
#.................
.........##
##.................
........##
#HK................
#.....###
##.@................ ##'''##
##.[)o............... ##...#
###)...................
#..###
##..#>..................
#.##
#...##.................. ..#
##..##.................. .##
#...................... ..#
######...............<. ..#
##................


You could see a hippogriff, an orc and a kobold.

Vanquished Creatures
  A two-headed ogre (D:8)
  Joseph (D:7)
  Prince Ribbit (D:7)
  A hippogriff (D:8)
  An orc warrior (D:8)
  A black bear (D:7)
  A sky beast (D:6)
  2 ice beasts (D:7)
  A phantom (D:5)
  2 ogres
  3 centaurs
  2 big kobolds
  A wyvern zombie (D:6)
  7 bullfrogs
  2 water moccasin zombies
  A scorpion (D:5)
  9 wights
  3 howler monkeys (D:7)
  A centaur zombie (D:2)
  3 orc priests
  3 hounds
  3 jellies
  A bullfrog skeleton (D:8)
  3 iguanas
  11 orc wizards
  4 worker ants
  A hound skeleton (D:8)
  12 adders
  4 gnolls (D:4)
  2 white imps
  4 ufetubi
  2 oozes
  An adder zombie (D:5)
  3 adder skeletons
  A worm (D:3)
  8 leopard geckos
  21 orcs
  12 bats
  4 giant cockroaches
  11 goblins
  7 hobgoblins
  12 jackals
  19 kobolds
  6 quokkas
  3 ball pythons (Sewer)
  8 frilled lizards
  A quokka skeleton (D:8)
  3 rats
214 creatures vanquished.

Notes
Turn   | Place    | Note
-------+----------+-------------------------------------------
     0 | D:1      | HoaS the Formicid Fighter began the quest for the Orb.
     0 | D:1      | Reached XP level 1. HP: 18/18 MP: 1/1
   146 | D:1      | Reached XP level 2. HP: 24/24 MP: 2/2
   336 | D:1      | Reached XP level 3. HP: 29/29 MP: 3/3
   373 | D:1      | Reached skill level 3 in Staves
   833 | D:2      | Found a shimmering altar of Xom.
  1082 | D:2      | Found a faded altar of an unknown god.
  1088 | D:2      | Reached XP level 4. HP: 35/35 MP: 4/4
  1266 | D:2      | Reached skill level 4 in Staves
  1496 | D:2      | Reached XP level 5. HP: 41/41 MP: 5/5
  2522 | D:3      | Reached skill level 5 in Shields
  2661 | D:4      | Found a staircase to the Ecumenical Temple.
  2672 | Temple   | Entered the Ecumenical Temple
  2745 | Temple   | Became a worshipper of Makhleb the Destroyer
  2828 | D:4      | Reached XP level 6. HP: 41/47 MP: 6/6
  2914 | D:4      | Reached skill level 5 in Staves
  3393 | D:4      | Noticed an ogre
  3538 | D:5      | Entered Level 5 of the Dungeon
  3634 | D:5      | Noticed a phantom
  3636 | D:5      | Reached XP level 7. HP: 38/52 MP: 7/7
  3762 | D:5      | Reached skill level 6 in Staves
  4143 | D:5      | Reached skill level 7 in Staves
  4143 | D:5      | Reached XP level 8. HP: 57/58 MP: 8/8
  4161 | D:5      | Reached * piety under Makhleb
  4325 | D:5      | Found a white marble altar of Elyvilon.
  4659 | D:5      | Identified a scroll of acquirement
  4659 | D:5      | Acquired 720 gold pieces
  4755 | D:6      | Found a glowing drain.
  4777 | Sewer    | Entered a sewer
  4828 | Sewer    | Reached ** piety under Makhleb
  5174 | D:6      | Reached skill level 8 in Staves
  6130 | D:7      | Reached XP level 9. HP: 64/64 MP: 9/9
  6173 | D:7      | Reached skill level 9 in Staves
  6208 | D:7      | Found a sparkling altar of Nemelex Xobeh.
  6217 | D:7      | Found a runed translucent door.
  6221 | D:7      | Noticed viperstalker's ghost (novice PaFi)
  6232 | D:7      | Noticed Prince Ribbit
  6258 | D:7      | Killed Prince Ribbit
  6471 | D:7      | Noticed Joseph
  6492 | D:7      | Reached skill level 10 in Staves
  6531 | D:7      | Killed Joseph
  6615 | D:7      | Found a shimmering blue altar of Sif Muna.
  6628 | D:7      | Reached skill level 11 in Staves
  6721 | D:7      | Reached XP level 10. HP: 70/70 MP: 10/10
  6932 | D:7      | Reached *** piety under Makhleb
  7134 | D:8      | Found a transporter.
  7188 | D:8      | Found a shattered altar of Ashenzari.
  7372 | D:8      | Found a transporter.
  7372 | D:8      | Noticed an unseen horror
  7472 | D:8      | Reached skill level 12 in Staves
  7589 | D:8      | Found a transporter.
  7604 | D:8      | Found a transporter.
  7615 | D:8      | Found a transporter.
  7970 | D:9      | Found Reylask's Jewellery Shoppe.
  7970 | D:9      | Noticed a two-headed ogre
  8011 | D:8      | Killed a two-headed ogre
  8031 | D:8      | Reached skill level 13 in Staves
  8282 | D:8      | HP: 2/70 [hippogriff (6)]
  8282 | D:8      | Slain by a hippogriff

Illustrated notes

Levels and vault maps discovered:
D:1:      heliophobic_arrival_battle_scene, layout_basic
D:2:      layout_loops_ring, xom_teletrap_fun, chequers_ecumenical_altar_simple
D:3:      layout_basic
D:4:      layout_loops_ring, temple_fountains, lemuel_flame_loot_1
D:5:      layout_basic, elyvilon_altar_5
D:6:      layout_loops_cross, portal_sewer_entry_d, minmay_small_thing
D:7:      layout_rooms, nemelex_xobeh_ov_fountains_minmay, kennysheep_mini,
          gammafunk_ghost_grave, uniq_joseph, uniq_prince_ribbit1
D:8:      gammafunk_the_bubble [the_bubble_gammafunk_roulette],
          layout_layer_cave, cheibrodos_ashenzari_chains, kennysheep_donut
D:9:      layout_gridville, grunt_dithmenos_smoke, tso_oasis_becter,
          grunt_gozag_breadcrumbs, dpeg_oklobed_lair, enter_bailey_6,
          serial_shops, shop_coins, hangedman_abyss_or_decor_stabs
Temple:   nicolae_temple_great_sept

Skill      XL: |  1  2  3  4  5  6  7  8  9 10 |
---------------+-------------------------------+-----
Shields        | 4 5 6 8 9 |  9.0
Staves         | 3 4 5 7 8 11 13 | 13.1
Fighting       | |  3.2
Armour         | |  3.2

Action                   |  1- 3 |  4- 6 |  7- 9 | 10-12 || total
-------------------------+-------+-------+-------+-------++-------
Melee: Quarterstaff      |   104 |   144 |   394 |   163 ||   805
 Abil: Dig               |       |     4 |     6 |       ||    10
  Use: Scroll            |     8 |     4 |    10 |     1 ||    23
       Potion            |       |       |     2 |     1 ||     3
Armor: Scale mail        |    39 |    29 |    84 |       ||   152
       Ring mail         |       |       |     1 |    20 ||    21
       Plate armour      |       |       |       |    35 ||    35
Dodge: Dodged            |    25 |    70 |   105 |    84 ||   284
Block: Kite shield       |    47 |    86 |   202 |   124 ||   459

Table legend: (Time is in decaauts)
 A = Elapsed time spent in this place.
 B = Non-inter-level travel time spent in this place.
 C = Inter-level travel time spent in this place.
 D = Time resting spent in this place.
 E = Time spent auto-exploring this place.
 F = Levels seen in this place.
 G = Mean time per level.
                   A        B        C        D        E       F      G
               +--------+--------+--------+--------+--------+-----+--------+
         Total |   8337 |   8037 |    300 |   1075 |   5063 |  11 |  757.9 |
       Dungeon |   7828 |   7528 |    300 |   1075 |   4734 |   9 |  869.8 |
        Temple |     83 |     83 |      0 |      0 |     67 |   1 |   83.0 |
         Sewer |    425 |    425 |      0 |      0 |    262 |   1 |  425.0 |
               +--------+--------+--------+--------+--------+-----+--------+

Top non-repeatable levels by time:
     D:8: 1195 daAuts
     D:6: 1101 daAuts
     D:5: 1042 daAuts
     D:3: 1014 daAuts
     D:4: 920 daAuts
     D:7: 882 daAuts
     D:1: 848 daAuts
     D:2: 795 daAuts
   Sewer: 425 daAuts
  Temple: 83 daAuts
     D:9: 26 daAuts
